AoeStats
← Franklin

Arabia

510838009Analyzed
1v1 RM · 17h ago on Oct 2, 2026· 54m 22s· 2 players
Game mode
Random Map
Map size
Tiny (2 player)
Population
200
Speed
Normal
Resources
Standard
Victory
Conquest
Starting age
Dark Age
Ending age
Imperial Age
RankedLock teamsTeams togetherTeam positionsShared explorationLock speedFull tech treeHidden civsTurbo modeCheats
Victory
Defeat
🇫🇷 Armenians · France
1022
+26
🇦🇷 Inca · Argentina
1014
-16
Franklin
5:01 Loom
10:55 Feudal Age
11:57 Double-Bit Axe
12:45 Champi Runner
21:22 Fletching
22:03 Padded Archer Armor
24:12 Gold Mining
28:01 Castle Age
26:22 Forging
26:52 Scale Mail Armor
29:58 Wheelbarrow
29:07 Champi Warrior
29:52 Squires
30:08 Thumb Ring
29:28 Crossbowman
31:44 Bodkin Arrow
32:04 Leather Archer Armor
37:23 Iron Casting
37:03 Chain Mail Armor
39:43 Hand Cart
39:01 Elite Skirmisher
40:01 Chain Mail Armor
46:09 Ballistics
49:43 Imperial Age
48:26 Andean Sling
Snatch59
7:32 Loom
10:37 Feudal Age
11:00 Man-at-Arms
13:04 Double-Bit Axe
13:37 Long Swordsman
14:47 Forging
17:41 Horse Collar
18:03 Scale Mail Armor
25:06 Castle Age
23:14 Padded Archer Armor
23:21 Gold Mining
24:56 Fletching
25:22 Elite Skirmisher
27:41 Chain Mail Armor
28:22 Two-Handed Swordsman
30:32 Town Watch
33:45 Bodkin Arrow
34:07 Squires
36:27 Murder Holes
37:39 Iron Casting
37:41 Wheelbarrow
37:32 Ballistics
37:56 Gambesons
38:45 Gambesons
39:42 Leather Archer Armor
39:41 Masonry
40:41 Wheelbarrow
44:15 Imperial Age
44:12 Hand Cart
44:05 Champion
46:02 Conscription
48:46 Plate Mail Armor
53:07 Blast Furnace
53:45 Onager
Connection lost

Rejoining the realm…

Still unreachable

The connection could not be restored.

Session expired

The server has moved on; the page needs a fresh start.